 Dungeon Crawl Stone Soup version 0.21.2 (webtiles) character file.

2145 asishallab the Magician (level 9, -4/69 HPs)
             Began as a Gnoll Skald on Sept 30, 2018.
             Was an Initiate of Okawaru.
             Slain by TheNamelessOne's ghost (11 damage)
             ... on level 7 of the Dungeon on Oct 4, 2018.
             The game lasted 00:30:00 (8000 turns).

asishallab the Magician (Gnoll Skald)               Turns: 8000, Time: 00:30:01

Health: -4/69      AC:  7    Str: 13    XL:     9   Next: 31%
Magic:  8/18       EV: 16    Int: 22    God:    Okawaru [......]
Gold:   206        SH:  0    Dex: 17    Spells: 10/21 levels left

rFire    . . .     SeeInvis .   a - +0 hand axe
rCold    . . .     Gourm    .   (no shield)
rNeg     . . .     Faith    .   w - +3 leather armour
rPois    .         Spirit   .   x - +0 helmet
rElec    .         Reflect  .   (no cloak)
rCorr    +         Harm     .   (no gloves)
MR       .....                  (no boots)
Stlth    +++.......             (no amulet)
HPRegen  0.21/turn              D - ring of resist corrosion
MPRegen  0.16/turn              e - +5 ring of intelligence

@: lethally poisoned (-4 -> -10), singing, very slightly contaminated
A: distributed training, fangs 1, strong nose
a: Renounce Religion


You were on level 7 of the Dungeon.
You worshipped Okawaru.
Okawaru was noncommittal.
You were not hungry.

You visited 2 branches of the dungeon, and saw 8 of its levels.

You collected 206 gold pieces.

Inventory:

Hand Weapons
 a - a +0 hand axe (weapon)
 b - a +0 blowgun
 c - a +2 spear of flaming
 i - a +3 flail of crushing
 p - a +0 dagger
Missiles
 h - 22 poisoned needles
 m - 95 stones (quivered)
 t - 63 sling bullets
 y - 2 curare-tipped needles
 F - 6 needles of sleeping
Armour
 k - a +0 shield
 w - a +3 leather armour (worn)
 x - a +0 helmet (worn)
Jewellery
 e - a +5 ring of intelligence (right hand)
 D - a ring of resist corrosion (left hand)
Wands
 j - a wand of digging (10)
 z - a wand of flame (16)
Scrolls
 f - 2 scrolls of identify
 g - 2 scrolls of fear
 n - 6 scrolls of teleportation
 r - 2 scrolls of fog
 s - a scroll of vulnerability {unknown}
 A - a scroll of noise
 B - a scroll of blinking
 E - a scroll of remove curse
 H - a scroll of magic mapping
 I - 2 scrolls of amnesia
Potions
 l - 2 potions of brilliance
 u - a potion of resistance
 v - a potion of magic
Books
 q - a book of Battle

   Spells                             Type                      Level
   a - Infusion                       Charms                       1
   b - Shroud of Golubria             Charms/Translocation         2
   c - Song of Slaying                Charms                       2
   d - Spectral Weapon                Hexes/Charms                 3
   e - Regeneration                   Charms/Necromancy            3
Comestibles
 d - 11 rations


   Skills:
 + Level 6.2 Fighting
 + Level 4.0 Short Blades
 + Level 4.0 Long Blades
 + Level 6.2 Axes
 + Level 4.0 Maces & Flails
 + Level 4.0 Polearms
 + Level 4.0 Staves
 + Level 4.0 Slings
 + Level 4.0 Bows
 + Level 4.0 Crossbows
 + Level 4.0 Throwing
 + Level 4.8 Armour
 + Level 6.2 Dodging
 + Level 4.0 Stealth
 + Level 4.0 Shields
 + Level 4.0 Unarmed Combat
 + Level 6.5 Spellcasting
 + Level 3.3 Conjurations
 + Level 3.3 Hexes
 + Level 6.4 Charms
 + Level 3.3 Summonings
 + Level 3.3 Necromancy
 + Level 3.3 Translocations
 + Level 3.3 Transmutations
 + Level 3.3 Fire Magic
 + Level 3.3 Ice Magic
 + Level 3.3 Air Magic
 + Level 3.3 Earth Magic
 + Level 3.3 Poison Magic
 + Level 4.4 Invocations
 + Level 4.0 Evocations


You had 10 spell levels left.
You knew the following spells:

 Your Spells              Type           Power        Failure   Level  Hunger
a - Infusion              Chrm           ####         1%          1    None
b - Shroud of Golubria    Chrm/Tloc      ####......   2%          2    None
c - Song of Slaying       Chrm           #####...     1%          2    None
d - Spectral Weapon       Hex/Chrm       ####....     4%          3    #......
e - Regeneration          Chrm/Necr      ####......   4%          3    #......


Dungeon Overview and Level Annotations

Branches:
Dungeon (7/15)             Temple (1/1) D:6

Altars:
Ashenzari
Cheibriados
Elyvilon
Fedhas
Gozag
Hepliaklqana
Kikubaaqudgha
Nemelex Xobeh
Okawaru
Qazlal
Ru
Sif Muna
Trog
Uskayaw
Vehumet
Wu Jian
Xom
Yredelemnul
Zin
The Shining One

Annotations:
D:7 TheNamelessOne's ghost, novice OpTm


Innate Abilities, Weirdness & Mutations

Your experience applies equally to all skills.
You have very sharp teeth.
Your uncanny sense of smell can sniff out nearby items.


Message History

* * * LOW HITPOINT WARNING * * *
Your shroud falls apart!
The crimson imp blinks!
The adder barely misses you.
You slash the hound skeleton!
The hound skeleton is heavily damaged.
You hit the phantom but do no damage. You hit the adder.
You hit TheNamelessOne's ghost but do no damage.
Your skin stops crawling.
You feel sick. The hound skeleton barely misses you. The phantom hits you.
* * * LOW HITPOINT WARNING * * *
The phantom blinks!
The adder misses you.
TheNamelessOne's ghost hits you but does no damage.
You closely miss the adder.
The adder is heavily wounded.
You hit the hound skeleton.
You closely miss TheNamelessOne's ghost.
You feel sick.
The hound skeleton bites you but does no damage.
The adder misses you. TheNamelessOne's ghost hits you!
You die...

#<## #.##.# ###.#
....###.#..####...#
..............>...#
#.#5....#...#.#
#.§.....#####.#
#.§$.......$..#
#.#.....#######
...#SW..##
###.#@ZW?# # #.§..#
#....# #....#
#....# #....#
#."..# #....#


You could see a phantom, TheNamelessOne's ghost, a crimson imp, an adder and a
hound skeleton.

Vanquished Creatures
  Pikel (D:4)
  The ghost of Shutra the Slasher, an amateur DsCK of Xom (D:5)
  Edmund (D:4)
  An orc warrior (D:6)
  A sky beast (D:6)
  A phantom (D:6)
  2 ogres
  A bullfrog (D:6)
  A scorpion (D:4)
  The ghost of Shutra the Poker, a weakling DsCK of Xom (D:3)
  A howler monkey (D:4)
  A crimson imp (D:6)
  3 hounds
  2 bullfrog skeletons (D:6)
  A jelly (D:5)
  2 orc priests
  2 orc wizards
  Jessica (D:2)
  2 iguanas
  2 worker ants
  Robin (D:4)
  4 gnolls (D:6)
  17 adders
  A shadow imp (D:5)
  An ooze (D:1)
  4 worms
  8 dart slugs (D:3)
  2 leopard geckos (D:5)
  9 orcs
  2 giant cockroaches
  9 hobgoblins
  10 jackals
  5 kobolds
  2 quokkas
  A ball python (D:1)
  9 bats
  6 frilled lizards
  11 goblins
  A leopard gecko skeleton (D:4)
  6 rats
137 creatures vanquished.

Notes
Turn   | Place    | Note
-------+----------+-------------------------------------------
     0 | D:1      | asishallab the Gnoll Skald began the quest for the Orb.
     0 | D:1      | Reached XP level 1. HP: 20/20 MP: 6/6
   120 | D:1      | Reached XP level 2. HP: 26/26 MP: 7/7
   385 | D:1      | Reached XP level 3. HP: 30/31 MP: 9/9
   392 | D:1      | Learned a level 2 spell: Shroud of Golubria
   404 | D:1      | Learned a level 2 spell: Song of Slaying
   408 | D:1      | Learned a level 3 spell: Spectral Weapon
   412 | D:1      | Learned a level 3 spell: Regeneration
   412 | D:1      | Reached skill level 5 in Spellcasting
   676 | D:2      | Reached skill level 1 in Invocations
   894 | D:2      | Reached skill level 1 in Short Blades
   894 | D:2      | Reached skill level 1 in Long Blades
   894 | D:2      | Reached skill level 1 in Maces & Flails
   894 | D:2      | Reached skill level 1 in Polearms
   894 | D:2      | Reached skill level 1 in Staves
   894 | D:2      | Reached skill level 1 in Slings
   894 | D:2      | Reached skill level 1 in Bows
   894 | D:2      | Reached skill level 1 in Crossbows
   894 | D:2      | Reached skill level 1 in Throwing
   894 | D:2      | Reached skill level 1 in Stealth
   894 | D:2      | Reached skill level 1 in Shields
   894 | D:2      | Reached skill level 1 in Unarmed Combat
   894 | D:2      | Reached skill level 1 in Evocations
   894 | D:2      | Reached XP level 4. HP: 18/38 MP: 11/11
  1237 | D:2      | Noticed Jessica
  1248 | D:2      | Killed Jessica
  1430 | D:2      | Reached skill level 1 in Conjurations
  1430 | D:2      | Reached skill level 1 in Hexes
  1430 | D:2      | Reached skill level 1 in Summonings
  1430 | D:2      | Reached skill level 1 in Necromancy
  1430 | D:2      | Reached skill level 1 in Translocations
  1430 | D:2      | Reached skill level 1 in Transmutations
  1430 | D:2      | Reached skill level 1 in Fire Magic
  1430 | D:2      | Reached skill level 1 in Ice Magic
  1430 | D:2      | Reached skill level 1 in Air Magic
  1430 | D:2      | Reached skill level 1 in Earth Magic
  1430 | D:2      | Reached skill level 1 in Poison Magic
  1892 | D:3      | Reached XP level 5. HP: 37/43 MP: 12/12
  3000 | D:3      | Found a sacrificial altar of Ru.
  3385 | D:3      | Noticed Shutra's ghost (weakling DsCK)
  3408 | D:3      | Killed Shutra's ghost
  3408 | D:3      | Reached XP level 6. HP: 46/50 MP: 0/13
  3711 | D:4      | Reached skill level 5 in Fighting
  3711 | D:4      | Reached skill level 5 in Axes
  3711 | D:4      | Reached skill level 5 in Dodging
  3954 | D:4      | Noticed Robin
  3974 | D:4      | Killed Robin
  4110 | D:4      | Reached XP level 7. HP: 56/56 MP: 15/15
  4130 | D:4      | Found a shimmering altar of Xom.
  4136 | D:4      | Found a white marble altar of Elyvilon.
  4230 | D:4      | Noticed Edmund
  4264 | D:4      | Killed Edmund
  4572 | D:4      | Noticed Pikel
  4596 | D:4      | Killed Pikel
  4596 | D:4      | Reached XP level 8. HP: 44/63 MP: 15/17
  5235 | D:5      | Entered Level 5 of the Dungeon
  5401 | D:5      | Noticed Shutra's ghost (amateur DsCK)
  5421 | D:5      | Killed Shutra's ghost
  6201 | D:6      | Reached XP level 9. HP: 39/69 MP: 10/18
  6280 | D:6      | Found an ornate altar of the Wu Jian Council.
  6335 | D:6      | Found a staircase to the Ecumenical Temple.
  6614 | Temple   | Entered the Ecumenical Temple
  6791 | Temple   | Became a worshipper of Warmaster Okawaru
  7978 | D:7      | Noticed TheNamelessOne's ghost (novice OpTm)
  8000 | D:7      | Slain by TheNamelessOne's ghost

Skill      XL: |  1  2  3  4  5  6  7  8  9 |
---------------+----------------------------+-----
Spellcasting   | 5 6 |  6.5
Invocations    | 1 2 3 4 |  4.4
Short Blades   | 1 2 3 4 |  4.0
Long Blades    | 1 2 3 4 |  4.0
Maces & Flails | 1 2 3 4 |  4.0
Polearms       | 1 2 3 4 |  4.0
Staves         | 1 2 3 4 |  4.0
Slings         | 1 2 3 4 |  4.0
Bows           | 1 2 3 4 |  4.0
Crossbows      | 1 2 3 4 |  4.0
Throwing       | 1 2 3 4 |  4.0
Stealth        | 1 2 3 4 |  4.0
Shields        | 1 2 3 4 |  4.0
Unarmed Combat | 1 2 3 4 |  4.0
Evocations     | 1 2 3 4 |  4.0
Conjurations   | 1 2 3 |  3.3
Hexes          | 1 2 3 |  3.3
Summonings     | 1 2 3 |  3.3
Necromancy     | 1 2 3 |  3.3
Translocations | 1 2 3 |  3.3
Transmutations | 1 2 3 |  3.3
Fire Magic     | 1 2 3 |  3.3
Ice Magic      | 1 2 3 |  3.3
Air Magic      | 1 2 3 |  3.3
Earth Magic    | 1 2 3 |  3.3
Poison Magic   | 1 2 3 |  3.3
Armour         | 3 4 |  4.8
Fighting       | 5 6 |  6.2
Axes           | 5 6 |  6.2
Dodging        | 5 6 |  6.2
Charms         | 6 |  6.4

Action                   |  1- 3 |  4- 6 |  7- 9 || total
-------------------------+-------+-------+-------++-------
Melee: Hand axe          |    89 |   142 |   207 ||   438
       Bite              |    10 |    26 |    33 ||    69
       Dagger            |       |   106 |     1 ||   107
       Punch             |       |     1 |     7 ||     8
       Spear             |       |     4 |   166 ||   170
 Fire: Blowgun           |       |    35 |     1 ||    36
Throw: Stone             |     7 |    13 |       ||    20
 Cast: Song of Slaying   |       |     4 |     6 ||    10
       Regeneration      |       |    11 |     8 ||    19
       Shroud of Golubri |       |     9 |    15 ||    24
       Infusion          |       |     3 |     2 ||     5
       Spectral Weapon   |       |     2 |       ||     2
  Use: Scroll            |       |     7 |     3 ||    10
       Potion            |       |     2 |     9 ||    11
 Stab: Sleeping          |     1 |     1 |     4 ||     6
       Distracted        |       |       |     1 ||     1
  Eat: Chunk             |       |     5 |    12 ||    17
       Ration            |       |     2 |     1 ||     3
Armor: Leather armour    |    17 |    48 |   111 ||   176
       Scale mail        |     5 |    11 |       ||    16
Dodge: Dodged            |    87 |   226 |   321 ||   634
